 Dungeon Crawl Stone Soup version 0.19.0-1-g5985abe (webtiles) character file.

252 elgenn the Chopper (level 5, 0/47 HPs)
             Began as a Minotaur Berserker on Nov 2, 2016.
             Was a Believer of Trog.
             Slain by skk's ghost (7 damage)
             ... on level 3 of the Dungeon.
             The game lasted 00:09:15 (2421 turns).

elgenn the Chopper (Minotaur Berserker)             Turns: 2421, Time: 00:09:16

Health: 0/47       AC:  4    Str: 21    XL:     5   Next: 89%
Magic:  4/4        EV: 12    Int:  4    God:    Trog [**....]
Gold:   96         SH:  3    Dex: 11    Spells: 0 memorised, 4 levels left

rFire  . . .     SeeInvis .     a - +0 hand axe
rCold  . . .     Gourm    .     b - +0 troll leather armour {Purgy}
rNeg   . . .     Faith    .     (no shield)
rPois  .         Spirit   .     (helmet restricted)
rElec  .         Reflect  +     (no cloak)
rCorr  .         Harm     .     (no gloves)
MR     .....                    (no boots)
Stlth  +.........               q - +3 amulet of reflection
                                (no ring)
                                (no ring)

@: flying, drained
A: retaliatory headbutt, horns 2
a: Berserk, Trog's Hand, Burn Spellbooks, Renounce Religion


You were on level 3 of the Dungeon.
You worshipped Trog.
Trog was pleased with you.
You were not hungry.

You visited 1 branch of the dungeon, and saw 3 of its levels.

You collected 96 gold pieces.

Inventory:

Hand Weapons
 a - a +0 hand axe (weapon)
Armour
 b - a +0 troll leather armour (worn) {Purgy}
Jewellery
 q - a +3 amulet of reflection (around neck)
Scrolls
 e - 2 scrolls of random uselessness {unknown}
 h - a scroll of immolation {unknown}
 k - a scroll of fog {unknown}
 l - 2 scrolls of remove curse {unknown}
 m - a scroll of enchant weapon {unknown}
 o - 4 scrolls of identify {unknown}
Potions
 g - 2 potions of ambrosia {unknown}
 i - a potion of curing {unknown}
 j - a potion of magic {unknown}
 n - 2 potions of flight
 p - a potion of brilliance {unknown}
 s - a potion of mutation {unknown}
 t - a potion of degeneration {unknown}
Comestibles
 c - 2 bread rations
 d - a meat ration
 f - 2 beef jerkies
 r - 2 chunks of flesh


   Skills:
 + Level 4.8 Fighting
 * Level 7.2 Axes
 + Level 2.5(2.4) Armour
 - Level 2.1 Dodging
 + Level 0.1 Stealth


You had 4 spell levels left.
You didn't know any spells.

Dungeon Overview and Level Annotations

Branches:
Dungeon (3/15)

Altars:
Cheibriados
Vehumet
Yredelemnul
Zin

Annotations:
D:3 skk's ghost, amateur OgBe


Innate Abilities, Weirdness & Mutations

You reflexively headbutt those who attack you in melee.
You have a pair of horns on your head.


Message History

You barely miss skk's ghost. Your headbutt misses skk's ghost.
Skk's ghost is moderately damaged.
Skk's ghost misses you. You furiously retaliate!
You headbutt skk's ghost. You hit skk's ghost. You headbutt skk's ghost!
Skk's ghost is heavily damaged.
Skk's ghost hits you!
You hit skk's ghost. You headbutt skk's ghost!
Skk's ghost is severely damaged.
Skk's ghost hits you but does no damage.
You barely miss skk's ghost.
Skk's ghost is severely damaged.
Skk's ghost hits you!
* * * LOW HITPOINT WARNING * * *
You are too injured to fight recklessly!
You are too injured to fight recklessly!
Unknown command.
It was a potion of flight.
You feel very buoyant.
You fly up into the air.
Skk's ghost hits you!
You die...

...... #.....# #......
(......####
..........#
..........#
#.....†W..###
#......@....####
#.>.......#.....
#...............
#####.##†..#### #.
##..# # #. #..#
#...###..######
#.............######.#
###.##.#..............


You could see skk's ghost.

Vanquished Creatures
  Purgy (D:3)
  Jessica (D:3)
  Robin (D:3)
  6 adders
  3 dart slugs
  A leopard gecko (D:3)
  4 orcs (D:3)
  4 giant cockroaches
  9 goblins
  5 hobgoblins
  2 jackals (D:3)
  11 kobolds
  A ball python (D:1)
  6 bats
  4 frilled lizards
  5 rats
64 creatures vanquished.

Notes
Turn   | Place    | Note
-------+----------+-------------------------------------------
     0 | D:1      | elgenn the Minotaur Berserker began the quest for the Orb.
     0 | D:1      | Reached XP level 1. HP: 19/19 MP: 0/0
   210 | D:1      | Reached skill level 4 in Axes
   298 | D:1      | Reached XP level 2. HP: 24/27 MP: 1/1
  1062 | D:2      | Found a radiant altar of Vehumet.
  1280 | D:2      | Reached ** piety under Trog
  1280 | D:2      | Reached XP level 3. HP: 30/33 MP: 2/2
  1420 | D:2      | Reached skill level 5 in Axes
  1738 | D:3      | Reached XP level 4. HP: 29/41 MP: 3/3
  2004 | D:3      | Noticed Jessica
  2012 | D:3      | Killed Jessica
  2012 | D:3      | Reached skill level 6 in Axes
  2086 | D:3      | Noticed Robin
  2094 | D:3      | Killed Robin
  2094 | D:3      | Reached XP level 5. HP: 34/47 MP: 4/4
  2278 | D:3      | Noticed Purgy
  2285 | D:3      | Killed Purgy
  2285 | D:3      | Reached skill level 7 in Axes
  2386 | D:3      | Found a basalt altar of Yredelemnul.
  2394 | D:3      | Found a snail-covered altar of Cheibriados.
  2394 | D:3      | Found a glowing silver altar of Zin.
  2406 | D:3      | Noticed skk's ghost (amateur OgBe)
  2421 | D:3      | Slain by skk's ghost

Skill      XL: |  1  2  3  4  5 |
---------------+----------------+-----
Axes           | 4 5 6 7 |  7.2
Fighting       | 4 |  4.8
Armour         | |  2.5
Dodging        | |  2.1
Stealth        | |  0.1

Action                   |  1- 3 |  4- 6 || total
-------------------------+-------+-------++-------
Melee: Hand axe          |    69 |    58 ||   127
       Headbutt          |     6 |    14 ||    20
Invok: Berserk           |     2 |     5 ||     7
  Use: Potion            |       |     1 ||     1
  Eat: Chunk             |     4 |     8 ||    12
Armor: Animal skin       |    10 |     1 ||    11
       Troll leather arm |       |    10 ||    10
       Leather armour    |       |     2 ||     2
Dodge: Dodged            |    47 |    25 ||    72
Block: Other             |     2 |     9 ||    11
       Reflection        |       |     2 ||     2
